AoeStats
← Worker

Fortress

510160716Analyzed
2v2 RM · 3d ago on Sep 29, 2026· 39m 47s· 4 players
Game mode
Random Map
Map size
Normal (6 player)
Population
200
Speed
Normal
Resources
Standard
Victory
Conquest
Starting age
Dark Age
Ending age
Imperial Age
RankedLock teamsTeams togetherTeam positionsShared explorationLock speedFull tech treeHidden civsTurbo modeCheats
Victory
Defeat
🇺🇸 Varangians · United States
1208
+16
🇺🇸 Gurjaras · United States
1208
+16
🇩🇪 Vietnamese · Germany
1267
-18
🇲🇽 Varangians · Mexico
1157
-14
Carmilla
7:09 Feudal Age
8:12 Double-Bit Axe
12:37 Castle Age
10:49 Horse Collar
13:33 Bow Saw
14:30 Gold Mining
15:27 Town Watch
16:18 Wheelbarrow
18:15 Heavy Plow
18:08 Loom
18:43 Scale Mail Armor
19:34 Fletching
20:17 Padded Archer Armor
21:19 Bodkin Arrow
21:35 Elite Skirmisher
22:35 Leather Archer Armor
29:14 Squires
29:26 Forging
31:16 Hand Cart
36:43 Imperial Age
35:10 Ballistics
35:04 Scale Barding Armor
35:35 Iron Casting
37:01 Chain Mail Armor
36:55 Arson
36:54 Gothikon
38:48 Conscription
38:51 Elite Varangian Guard
Worker
7:37 Feudal Age
8:08 Double-Bit Axe
8:03 Horse Collar
14:04 Castle Age
12:25 Loom
16:41 Forging
16:38 Scale Barding Armor
16:35 Husbandry
16:45 Bloodlines
21:24 Chain Barding Armor
23:30 Iron Casting
30:34 Imperial Age
28:41 Wheelbarrow
27:51 Town Watch
32:22 Chemistry
31:14 Elite Shrivamsha Rider
37:27 Heavy Camel Rider
38:51 Hand Cart
PepePepino
4:53 Loom
6:54 Feudal Age
12:44 Castle Age
11:55 Double-Bit Axe
11:53 Horse Collar
13:08 Gold Mining
20:04 Forging
22:07 Scale Mail Armor
22:14 Scale Barding Armor
22:46 Arson
25:17 Wheelbarrow
27:14 Iron Casting
26:44 Town Watch
29:35 Chain Barding Armor
29:54 Heavy Plow
35:36 Imperial Age
33:34 Squires
33:47 Scale Mail Armor
34:53 Husbandry
35:04 Bloodlines
35:13 Hand Cart
38:22 Gambesons
Grasdackel
8:02 Feudal Age
6:18 Loom
12:00 Castle Age
9:50 Horse Collar
10:24 Double-Bit Axe
10:56 Fletching
11:46 Gold Mining
12:48 Bodkin Arrow
13:33 Padded Archer Armor
14:49 Bow Saw
15:46 Ballistics
25:59 Leather Archer Armor
30:28 Imperial Age
28:31 Scale Mail Armor
29:07 Squires
29:16 Heavy Plow
29:20 Pikeman
Connection lost

Rejoining the realm…

Still unreachable

The connection could not be restored.

Session expired

The server has moved on; the page needs a fresh start.